 Dungeon Crawl Stone Soup version 0.26.1-2-gb8aa6d0cf2 (webtiles) character file.

Game seed: 15345071286222260463

77 harryhousin the Skirmisher (level 4, -2/41 HPs)
             Began as a Minotaur Fighter on Mar 21, 2021.
             Killed from afar by Sigmund (4 damage)
             ... with a magic dart
             ... on level 2 of the Dungeon.
             The game lasted 00:06:38 (1311 turns).

harryhousin the Skirmisher (Minotaur Fighter)       Turns: 1311, Time: 00:06:39

Health: -2/41      AC:  7    Str: 21    XL:     4   Next: 14%
Magic:  3/3        EV:  7    Int:  5    God:
Gold:   66         SH:  9    Dex: 10    Spells: 3/3 levels left

rFire    . . .     SeeInvis .   a - +0 war axe
rCold    . . .     Faith    .   c - +0 kite shield
rNeg     . . .     Spirit   .   b - +0 scale mail
rPois    .         Reflect  .   (helmet restricted)
rElec    .         Harm     .   (no cloak)
rCorr    .         Rampage  .   (no gloves)
Will     .....                  (no boots)
Stlth    ..........             (no amulet)
HPRegen  0.13/turn              (no ring)
MPRegen  0.08/turn              (no ring)

@: no status effects
A: retaliatory headbutt, horns 2
a: no special abilities


You were on level 2 of the Dungeon.
You visited 1 branch of the dungeon, and saw 2 of its levels.

You collected 66 gold pieces.

Inventory:

Hand Weapons
 a - a +0 war axe (weapon)
Armour
 b - a +0 scale mail (worn)
 c - a +0 kite shield (worn)
Scrolls
 e - a scroll of magic mapping {unknown}
 f - 2 scrolls of remove curse {unknown}
 g - a scroll of random uselessness {unknown}
 h - a scroll of enchant weapon {unknown}
 i - a scroll of amnesia {unknown}
 j - a scroll of identify {unknown}
 l - a scroll of fog {unknown}
 n - a scroll of teleportation {unknown}
Potions
 d - a potion of might
 k - 2 potions of degeneration {unknown}
 m - a potion of flight {unknown}
 o - a potion of berserk rage {unknown}


   Skills:
 + Level 4.4 Fighting
 + Level 3.2 Axes
 + Level 4.4 Armour
 + Level 0.3 Dodging
 + Level 4.2 Shields


You had 3 spell levels left.
You didn't know any spells.
Your spell library was empty.

Dungeon Overview and Level Annotations

Branches:
Dungeon (2/15)

Altars:
Wu Jian

Annotations:
D:2 Sigmund


Innate Abilities, Weirdness & Mutations

You reflexively headbutt those who attack you in melee.
You have a pair of horns on your head.


Message History

Something tries to affect you, but you resist.
You slash something!
You hear some strange, mumbled words.
You are confused.
You barely miss something. Something hits you.
* * * LOW HITPOINT WARNING * * *
x2 You miss something.
You hear some strange, mumbled words.
Something tries to affect you, but you resist.
Something hits you but does no damage.
You closely miss something. You hit something.
You feel less confused.
You hear some strange, mumbled words.
A puff of flame appears from out of thin air!
You block the puff of flame.
You hear some strange, mumbled words.
A magic dart appears from out of thin air!
The magic dart hits you.
You die...

#.....................))#....
#.##..................#÷>..##
....#..###.....####.##)#.(##
#.....(.##.#...#.###...#...##
#..###.##.##...# .##........)
#.. .. ##.#...#.# ##.#.##.##
## ### #.....# #.#.##.#
##...## #.#..... #.@..#
#.####.## #....†{.## #.. ..#
...#....... ### ### #
........... .....(.....###
....)#...### .........#
.........#


There were no monsters in sight!

Vanquished Creatures
  Robin (D:2)
  An adder (D:2)
  An ooze (D:1)
  A worm (D:2)
  3 dart slugs (D:1)
  2 leopard geckos
  An orc (D:2)
  3 bats
  A giant cockroach (D:2)
  10 goblins
  7 hobgoblins
  2 frilled lizards (D:1)
  2 kobolds (D:1)
  6 rats
41 creatures vanquished.

Vanquished Creatures (others)
  A kobold (D:1)
1 creature vanquished.

Grand Total: 42 creatures vanquished

Notes
Turn   | Place    | Note
-------+----------+-------------------------------------------
     0 | D:1      | harryhousin the Minotaur Fighter began the quest for the
                  | Orb.
     0 | D:1      | Reached XP level 1. HP: 19/19 MP: 0/0
   118 | D:1      | Reached XP level 2. HP: 27/27 MP: 1/1
   673 | D:2      | Found an ornate altar of the Wu Jian Council.
   683 | D:2      | Noticed Robin
   685 | D:2      | Reached XP level 3. HP: 33/33 MP: 2/2
   848 | D:2      | Killed Robin
  1114 | D:2      | Found a faded altar of an unknown god.
  1116 | D:2      | Reached XP level 4. HP: 38/41 MP: 3/3
  1289 | D:2      | Noticed Sigmund
  1308 | D:2      | HP: 2/41 [something (1)]
  1311 | D:2      | Killed from afar by Sigmund

Illustrated notes

Levels and vault maps discovered:
D:1:      dpeg_arrival_solitude, layout_basic, lemuel_old_faithful
D:2:      layout_loops_cross, nzn_wu_jian_contemplation,
          chequers_ecumenical_altar_simple_redux, minmay_misc_feat_chi,
          uniq_sigmund, uniq_robin

Skill      XL: |  1  2  3 |
---------------+----------+-----
Shields        | 4 |  4.2
Armour         | 4 |  4.4
Fighting       | 4 |  4.4
Axes           | 3 |  3.2
Dodging        | |  0.3

Action                   |  1- 3 |  4- 6 || total
-------------------------+-------+-------++-------
Melee: War axe           |    69 |    20 ||    89
       Headbutt          |     8 |     5 ||    13
Armor: Scale mail        |    31 |     6 ||    37
Dodge: Dodged            |    25 |     5 ||    30
Block: Kite shield       |    33 |     7 ||    40
